cohdb
Replays
Latest Replays
All Replays
Popular Replays
Top Player Replays
Match Explorer
How It Works
Community
CoH3 Stats
Reddit
Sign in to upload your games and track your stats! →
Sign in with Steam
Match 44708910
Unlisted
Match 44708910
Overview
Messages
Build Orders
End
Scout Squad
Selects Special Operations Battlegroup
Selects M29 Weasel Recon Vehicle
M29 Weasel Recon Vehicle
Construct Weapon Support Center
M1919 Machine Gun Team
Infantry Support Center
M1919 Machine Gun Team
M3 Armored Personnel Carrier
M3 Armored Personnel Carrier
Construct Medical Station
Selects Raiding Flares
Engineer Squad
Raiding Flares
*Mule
Ra11
DrinkIIScotch
[82AD] Janko
0
0
Comments
sign in to comment!
No comments posted yet!